 Dungeon Crawl Stone Soup version 0.26-a0-660-gc07710193c (webtiles) character file.

Game seed: 12067090204459608191

522103 robertstho the Axe Maniac (level 24, -9/273 HPs)
             Began as a Minotaur Berserker on Oct 6, 2020.
             Was the Champion of Trog.
             Mangled by a large slime creature (22 damage)
             ... while paralysed by a floating eye
             ... on level 3 of the Pits of Slime.
             The game lasted 01:52:54 (60866 turns).

robertstho the Axe Maniac (Minotaur Berserker)     Turns: 60866, Time: 01:52:56

Health: -9/273     AC: 35    Str: 35    XL:     24   Next: 14%
Magic:  22/22      EV:  2    Int:  9    God:    Trog [******]
Gold:   4345       SH:  0    Dex: 16    Spells: 23/23 levels left

rFire    + + .     SeeInvis +   p - +8 frozen axe "Frostbite" {freezing cloud, *Noise +Fly rC+}
rCold    + + +     Faith    .   (shield currently unavailable)
rNeg     . . .     Spirit   .   u - +6 gold dragon scales
rPois    +         Reflect  .   (helmet restricted)
rElec    +         Harm     .   w - scarf {rC+ rF+}
rCorr    +         Rampage  .   P - +2 pair of gloves {Str+3}
MR       +....                  F - +1 pair of boots of Yzxoagaoz {*Slow rElec Int+2 SInv}
Stlth    ..........             E - amulet "Povizinu" {Acrobat rElec rPois Dex+4}
HPRegen  0.00/turn              G - ring "Utoruos" {AC+4 Dex+3}
MPRegen  0.18/turn              m - ring of resist corrosion

@: confused, paralysed
A: retaliatory headbutt, horns 2, blurry vision 2, clever 1, clumsy 1, deformed
body, robust 1, shaggy fur 1, inhibited regeneration, subdued magic 1
}: 3/15 runes: decaying, serpentine, silver
a: Berserk, Trog's Hand, Brothers in Arms, Renounce Religion, Evoke Flight


You were on level 3 of the Pits of Slime.
You worshipped Trog.
Trog was exalted by your worship.
You visited 9 branches of the dungeon, and saw 43 of its levels.
You also visited: Bailey, Gauntlet and Ice Cave.

You collected 6588 gold pieces.
You spent 2243 gold pieces at shops.

Inventory:

Hand Weapons
 p - the +8 frozen axe "Frostbite" (weapon) {freezing cloud, *Noise +Fly rC+}
   (Trog gifted it to you on level 4 of the Lair of Beasts)

   It has been specially enchanted to freeze those struck by it, causing extra
   injury to most foes and up to half again as much damage against particularly
   susceptible opponents.
   It can also slow down cold-blooded creatures.
   It protects you from cold.
   It lets you fly.
   It may make noises in combat.
 v - the +7 hand axe "Vuacowo" {vorpal, +Inv rF- Dex+10 SInv}
   (Trog gifted it to you on level 14 of the Dungeon)

   It inflicts extra damage upon your enemies.
   It affects your dexterity (+10).
   It makes you vulnerable to fire.
   It lets you see invisible.
   It lets you turn invisible.
 z - a +6 broad axe of flaming
 A - the +7 executioner's axe of Pisyarro {antimagic, rElec rF- rC- MR+++}
   (Trog gifted it to you on level 1 of the Crypt)

   It reduces the magical energy of the wielder, and disrupts the spells and
   magical abilities of those hit.
   Natural abilities and divine invocations are not affected.
   It makes you vulnerable to fire.
   It makes you vulnerable to cold.
   It insulates you from electricity.
   It affects your resistance to hostile enchantments.
Armour
 c - a +0 pair of boots
 u - +6 gold dragon scales (worn)
 w - a scarf of resistance (worn)
 y - a scarf of invisibility
 F - the +1 pair of boots of Yzxoagaoz (worn) {*Slow rElec Int+2 SInv}
   (You bought it in a shop on level 5 of the Vaults)

   It affects your intelligence (+2).
   It insulates you from electricity.
   It lets you see invisible.
   It may slow you when you take damage.
 P - a +2 pair of gloves of strength (worn)
 S - a +0 kite shield of reflection
Jewellery
 m - a ring of resist corrosion (right hand)
 r - an uncursed ring of protection from fire
 D - an uncursed ring of protection from fire
 E - the amulet "Povizinu" (around neck) {Acrobat rElec rPois Dex+4}
   (You found it on level 2 of the Snake Pit)

   [amulet of the acrobat]

   It helps you evade while moving and waiting.
   It affects your dexterity (+4).
   It insulates you from electricity.
   It protects you from poison.
 G - the ring "Utoruos" (left hand) {AC+4 Dex+3}
   (You found it on level 6 of the Lair of Beasts)

   [ring of protection]

   It affects your AC (+4).
   It affects your dexterity (+3).
 K - an uncursed ring of protection from cold
 L - an uncursed ring of protection from cold
 U - the ring of the Distant Future {*Slow Str+7 Slay+2 SInv Stlth+}
   (You acquired it in an ice cave)

   [ring of see invisible]

   It affects your strength (+7).
   It affects your accuracy and damage with ranged weapons and melee attacks
   (+2).
   It lets you see invisible.
   It may slow you when you take damage.
   It makes you more stealthy.
 X - the ring "Tolab" {AC+4 Int+4}
   (You found it in a Gauntlet)

   [ring of protection]

   It affects your AC (+4).
   It affects your intelligence (+4).
Wands
 n - a wand of acid (17)
 q - a wand of iceblast (42)
 C - a wand of digging (27)
 T - a wand of disintegration (29)
Scrolls
 d - 22 scrolls of teleportation
 f - 8 scrolls of magic mapping
 g - 6 scrolls of enchant weapon
 h - 10 scrolls of identify
 i - 3 scrolls of fog
 t - 15 scrolls of remove curse
 H - 8 scrolls of fear
 M - 8 scrolls of immolation
 N - 2 scrolls of blinking
 Q - a scroll of summoning
 V - 3 scrolls of silence
 Z - a scroll of holy word
Potions
 a - 4 potions of resistance
 e - 10 potions of ambrosia
 j - 10 potions of curing
 k - 10 potions of flight
 l - 4 potions of haste
 s - 2 potions of cancellation
 x - 3 potions of might
 B - a potion of mutation
 I - 4 potions of heal wounds
 J - 2 potions of magic
 R - 5 potions of stabbing
 Y - a potion of invisibility
Miscellaneous
 o - a condenser vane (2/2)
 O - a tin of tremorstones (3/3)
 W - a lightning rod (4/4)


   Skills:
 O Level 27 Fighting
 O Level 27 Axes
 * Level 21.7 Armour
 * Level 18.8 Dodging
 + Level 4.0 Stealth
 + Level 8.9 Shields
 + Level 1.4 Evocations


You had 23 spell levels left.
You didn't know any spells.
Your spell library was empty.

Dungeon Overview and Level Annotations

Branches:
Dungeon (15/15)            Temple (0/1) D:5            Lair (6/6) D:10
  Swamp (4/4) Lair:3        Snake (4/4) Lair:3        Slime (3/5) Lair:6
    Orc (2/2) D:11            Elf (0/3) Orc:2        Vaults (5/5) D:14
  Crypt (3/3) Vaults:3       Tomb (1/3) Crypt:3      Depths (0/5) D:15
 Bailey (visited)           IceCv (visited)         Gauntlet (visited)

Altars:
Cheibriados
Dithmenos
Gozag
Kikubaaqudgha
Nemelex Xobeh
Ru
Yredelemnul
Beogh
Jiyva

Shops:
D:14 [*[(*   D:15 [   Orc:1 }   Orc:2 *[=(   Snake:3 **   Vaults:2 !
Vaults:3 :   Vaults:4 ?   Vaults:5 !*!?[[

Portals:
Trove: D:10 (give 14 scrolls of teleportation)

Annotations:
Snake:4 3 runed translucent doors, Feyto's ghost, adept HuWz
Slime:3 Dissolution


Innate Abilities, Weirdness & Mutations

You reflexively headbutt those who attack you in melee.
You have a pair of horns on your head.
Scrolls take you longer to read.
Your mind is acute. (Int +2)
You are clumsy. (Dex -2)
Armour fits poorly on your strangely shaped body.
You are robust. (+10% HP)
You are covered in fur. (AC +1)
You do not regenerate when monsters are visible.
Your spells are a little easier to cast, but a little less powerful.


Message History

The golden eye blinks!
The large slime creature hits you but does no damage.
The golden eye blinks at you.
You are more confused.
The slime creature hits you but does no damage.
The slime creature barely misses you.
Your magical effects are unravelling.
You feel magically purged.
You feel yourself speed up.
You feel less confused.
You are no longer corroded.
The golden eye blinks at you.
You are confused.
The acid blob hits you!
* * * LOW HITPOINT WARNING * * *
You are splashed with acid.
You resist.
* * * LOW HITPOINT WARNING * * *
The floating eye gazes piercingly through you!
You suddenly lose the ability to move!
Dissolution hits you but does no damage. x2
The large slime creature hits you!!
You die...

.. .#...###### ...
.....#...## ..#
.........##
.##.##..........
.....#.........
.....G.....#
#......G.##
.##.#..JJG.#.##.
.......GJ@JJ.....
....ยง...JGJ......
.........GJ......
.....#...G.#.##.#
............#.# #
...........#...#
..........#...#..
...............


You could see Dissolution, an acid blob, a titanic slime creature, a large slime
creature, 4 slime creatures, an eye of draining (summoned), 3 floating eyes and
3 golden eyes.

Vanquished Creatures
  An ancient lich (Vaults:5)
  Sojobo (Crypt:1)
  4 greater mummies
  Margery (Crypt:2)
  2 golden dragons (Vaults:5)
  A profane servitor (Crypt:3)
  A bone dragon (Crypt:3)
  4 liches
  Rupert (Lair:3)
  3 tentacled monstrosities (Vaults:5)
  Asterion (Snake:3)
  5 titans
  2 quicksilver dragons
  5 ancient champions
  6 acid blobs
  9 sphinxes
  2 thorn hunters
  4 shadow dragons (Vaults:5)
  The ghost of Ousak the Spry, an adept OpTm of Ru (Snake:2)
  Donald (Swamp:3)
  5 nagarajas (Snake:4)
  3 storm dragons
  2 revenants
  8 tengu reavers
  An azure jelly (Slime:1)
  3 frost giants
  3 fire giants
  Louise (Snake:4)
  16 vault wardens
  3 orc warlords
  2 curse skulls (Crypt:1)
  4 very ugly things (Vaults:5)
  5 vampire knights
  16 ironheart preservers
  8 stone giants
  A juggernaut skeleton (Crypt:1)
  9 ghouls
  Nessos (Lair:4)
  2 bennus (Tomb:1)
  An entropy weaver (Vaults:4)
  A deep elf demonologist (Vaults:5)
  A minotaur (Gauntlet)
  Azrael (D:12)
  2 deep elf annihilators
  11 ettins
  A crystal guardian (Vaults:5)
  A quicksilver dragon zombie (Crypt:1)
  2 deep elf death magi
  9 eidola
  A fire dragon (Vaults:3)
  11 yaktaur captains
  3 deep elf high priests (Vaults:5)
  6 mummy priests (Tomb:1)
  9 jiangshi (Crypt:1)
  4 ice dragons
  18 naga warriors
  3 great orbs of eyes
  11 boulder beetles
  23 hydras
  2 rakshasas
  A catoblepas (Lair:4)
  31 vault guards
  6 centaur warriors
  5 death knights
  4 shambling mangroves
  30 two-headed ogres
  8 anacondas
  A dancing weapon (Vaults:5)
  12 ogre magi
  A satyr (shapeshifter) (Vaults:4)
  10 alligators
  10 death scarabs (Tomb:1)
  A deep troll shaman (Vaults:2)
  A deep troll earth mage (Vaults:1)
  9 death yaks
  2 orc high priests
  2 titan zombies
  5 vampire magi
  10 naga sharpshooters
  9 shock serpents
  4 deep elf knights
  4 hell knights (Crypt:2)
  A storm dragon zombie (Crypt:1)
  2 large abominations (Gauntlet)
  A titan skeleton (Crypt:1)
  A fire crab (Lair:6)
  2 shadow wraiths
  A golden dragon zombie (Crypt:3)
  A storm dragon skeleton (Crypt:2)
  28 skeletal warriors
  2 salamander mystics
  15 deep trolls
  9 naga ritualists
  5 unseen horrors
  An unseen horror (shapeshifter) (Vaults:3)
  A swamp dragon (shapeshifter) (Vaults:1)
  A glowing orange brain (shapeshifter) (Vaults:5)
  7 flayed ghosts
  2 spriggan druids (Swamp:4)
  A wizard (Vaults:3)
  2 sea snakes (Snake:4)
  An anaconda zombie (Crypt:2)
  An entropy weaver zombie (Crypt:1)
  5 deep elf archers
  20 ironbrand convokers
  30 phantasmal warriors
  8 swamp dragons (Swamp:4)
  An obsidian statue (Gauntlet)
  9 necromancers
  A lindwurm (Lair:5)
  16 orc knights
  5 wolf spiders
  9 harpies
  9 mana vipers
  A shadow dragon skeleton (Crypt:2)
  3 iron dragon zombies
  2 fire giant zombies
  3 shining eyes
  5 stone giant zombies
  11 deep elf magi
  8 orc sorcerers
  A tengu skeleton (Vaults:3)
  12 cyclopes
  4 frost giant zombies
  A stone giant skeleton (Vaults:3)
  8 ugly things
  14 elephants
  16 salamanders
  A manticore (shapeshifter) (D:13)
  A salamander (shapeshifter) (Vaults:1)
  3 ice statues (IceCv)
  A frost giant skeleton (Crypt:1)
  45 black mambas
  2 guardian serpents
  34 naga magi
  3 centaur zombies
  10 vault sentinels
  4 rime drakes
  Psyche (D:10)
  2 gargoyles
  20 cane toads
  6 komodo dragons
  5 centaur skeletons
  3 torpor snails
  A purple draconian zombie (Crypt:2)
  9 freezing wraiths
  An alligator snapping turtle skeleton (Crypt:1)
  A red draconian skeleton (Crypt:2)
  3 kobold demonologists
  A komodo dragon (shapeshifter) (Vaults:4)
  7 ice devils (IceCv)
  4 guardian mummies (Tomb:1)
  40 yaktaurs
  A queen bee (Lair:1)
  A human skeleton (Vaults:3)
  A green draconian skeleton (Crypt:2)
  A polar bear (shapeshifter) (Vaults:2)
  A meliai (shapeshifter) (Vaults:2)
  A troll (shapeshifter) (Vaults:4)
  9 trolls
  5 tyrant leeches
  A hydra zombie (Crypt:3)
  9 polar bears
  25 hornets
  Grinder (D:5)
  An alligator zombie (Crypt:3)
  9 blink frogs
  2 raiju (Lair:6)
  89 slime creatures
  7 bog bodies
  An ice dragon zombie (Crypt:3)
  2 hydra skeletons (Crypt:1)
  A stone giant simulacrum (Vaults:4)
  A fire giant simulacrum (Vaults:3)
  A redback (Lair:6)
  5 spriggans
  4 flying skulls
  A black mamba zombie (Crypt:3)
  A vampire (D:12)
  5 shadows
  10 wraiths
  2 elf zombies
  15 wyverns
  5 basilisks
  An ushabti (Tomb:1)
  Eustachio (D:5)
  A golden eye (Slime:3)
  45 yaks
  A tyrant leech zombie (Crypt:2)
  A fire elemental (D:12)
  A fire bat (shapeshifter) (Vaults:5)
  14 vampire mosquitoes
  A steam dragon (D:10)
  Menkaure (D:6)
  A yaktaur simulacrum (Vaults:3)
  Edmund (D:6)
  6 insubstantial wisps (Swamp:3)
  16 swamp worms
  A warg (shapeshifter) (D:15)
  2 acid dragons
  A glowing shapeshifter zombie (Crypt:2)
  10 wargs
  56 nagas
  15 hell hounds
  17 water moccasins
  A cane toad zombie (Crypt:3)
  An infernal demonspawn zombie (Crypt:1)
  56 orc warriors
  4 sky beasts
  14 swamp drakes
  2 ice beasts
  A sky beast (shapeshifter) (Vaults:5)
  18 necrophages
  A manticore zombie (Tomb:1)
  A phantom (D:12)
  13 black bears
  3 eyes of draining
  A lindwurm zombie (Crypt:1)
  33 ogres
  An eye of draining (shapeshifter) (Vaults:4)
  A fire dragon simulacrum (Crypt:2)
  22 wolves
  21 centaurs
  A blink frog skeleton (Crypt:1)
  An orc skeleton (Vaults:2)
  An elephant skeleton (Crypt:1)
  2 human zombies
  2 big kobolds
  5 small abominations (Gauntlet)
  27 bullfrogs
  A gnoll sergeant (D:11)
  A wyvern zombie (D:11)
  6 wyvern skeletons
  3 human simulacra (Vaults:2)
  19 killer bees (Lair:1)
  6 scorpions
  6 wights
  A howler monkey (D:7)
  An electric eel (Lair:3)
  2 quasits
  2 bullfrog zombies
  2 hounds
  6 jellies
  29 orc priests
  A bullfrog skeleton (D:4)
  Terence (D:3)
  Jessica (D:2)
  Ijyb (D:5)
  5 iguanas
  30 orc wizards
  3 troll simulacra (IceCv)
  9 worker ants
  A centaur simulacrum (IceCv)
  A demigod zombie (Crypt:1)
  An ogre zombie (Crypt:2)
  2 hound skeletons
  19 mummies (Tomb:1)
  5 worker ant zombies
  11 gnolls
  2 ogre simulacra (IceCv)
  8 adders
  4 naga simulacra (IceCv)
  A shadow imp (D:9)
  2 white imps
  5 ufetubi
  4 oozes
  2 adder zombies
  2 adder skeletons
  3 worms
  2 dart slugs
  5 leopard geckos
  107 orcs
  6 giant cockroaches
  6 hobgoblins
  10 jackals
  26 kobolds
  7 quokkas
  12 bats
  6 frilled lizards
  A frilled lizard skeleton (Crypt:2)
  10 goblins
  A jackal skeleton (Crypt:1)
  A leopard gecko skeleton (D:5)
  A leopard gecko zombie (D:6)
  5 rats
  2 crawling corpses (Vaults:5)
  A plant (Lair:6)
  A withered plant (Crypt:3)
1993 creatures vanquished.

Vanquished Creatures (collateral kills)
  Saint Roka (Crypt:1)
  A golden dragon (Vaults:5)
  The ghost of DocEon the Fencer, an adept PaFi of Okawaru (Swamp:3)
  Roxanne (Swamp:3)
  A nagaraja (Snake:4)
  An orc warlord (Orc:1)
  3 stone giants (Vaults:5)
  An ettin (D:15)
  2 yaktaur captains (Vaults:5)
  A naga warrior (Snake:4)
  A hydra (Swamp:4)
  A catoblepas (Lair:6)
  2 naga sharpshooters
  A deep troll (Vaults:5)
  A flayed ghost (Vaults:5)
  An orc knight (Orc:2)
  A phantasmal warrior (D:15)
  A manticore (shapeshifter) (Vaults:5)
  An orc sorcerer (Orc:2)
  A black mamba (Lair:6)
  A vault sentinel (Vaults:5)
  Joseph (D:8)
  4 naga magi (Snake:4)
  A cane toad (Swamp:3)
  A freezing wraith (Vaults:5)
  2 guardian mummies (Crypt:3)
  A troll (Vaults:5)
  2 polar bears (Lair:6)
  A hornet (Swamp:2)
  A bog body (Swamp:3)
  4 yaks (D:12)
  2 fire elementals (D:12)
  2 swamp worms
  4 wargs
  3 hell hounds
  3 black bears
  7 orc warriors
  2 ogres (Orc:1)
  A scorpion (D:8)
  An orc priest (Orc:2)
  An orc wizard (D:8)
  A mummy (Crypt:3)
  13 orcs
83 creatures vanquished.

Vanquished Creatures (others)
  A vault guard (Vaults:5)
  A black mamba (Snake:1)
  2 naga magi
  A spriggan (Swamp:4)
  A golden eye (Slime:3)
  A naga (Snake:1)
  A swamp worm (Swamp:4)
  An orc warrior (Vaults:5)
  2 orcs
  46 fungi
  159 plants
  12 withered plants
228 creatures vanquished.

Grand Total: 2304 creatures vanquished

Notes
Turn   | Place    | Note
-------+----------+-------------------------------------------
     0 | D:1      | robertstho the Minotaur Berserker began the quest for the
                  | Orb.
     0 | D:1      | Reached XP level 1. HP: 19/19 MP: 0/0
   796 | D:1      | Reached XP level 2. HP: 27/27 MP: 1/1
  1349 | D:2      | Reached XP level 3. HP: 29/33 MP: 2/2
  1401 | D:2      | Noticed Jessica
  1408 | D:2      | Killed Jessica
  1866 | D:2      | Reached XP level 4. HP: 41/41 MP: 3/3
  2050 | D:3      | Reached ** piety under Trog
  2050 | D:3      | Reached skill level 5 in Fighting
  2050 | D:3      | Reached skill level 5 in Axes
  2050 | D:3      | Reached XP level 5. HP: 28/48 MP: 4/4
  2195 | D:3      | Found an opulent altar of Gozag.
  2504 | D:3      | Noticed Terence
  2513 | D:3      | Killed Terence
  2902 | D:4      | Reached XP level 6. HP: 52/56 MP: 5/5
  3004 | D:4      | Found the +7 Singing Sword {vorpal, sonic wave}
  3449 | D:4      | Reached XP level 7. HP: 60/63 MP: 6/6
  3793 | D:4      | Reached *** piety under Trog
  4038 | D:5      | Entered Level 5 of the Dungeon
  4118 | D:5      | Reached skill level 1 in Stealth
  4155 | D:5      | Reached skill level 5 in Armour
  4438 | D:5      | Noticed Ijyb
  4447 | D:5      | Killed Ijyb
  4653 | D:5      | Reached XP level 8. HP: 66/71 MP: 7/7
  4699 | D:5      | Noticed Eustachio
  4721 | D:5      | Killed Eustachio
  4721 | D:5      | Reached skill level 5 in Dodging
  5037 | D:5      | Found a staircase to the Ecumenical Temple.
  5159 | D:5      | Noticed Grinder
  5162 | D:5      | Paralysed by Grinder for 7 turns
  5178 | D:5      | Killed Grinder
  5349 | D:6      | Noticed Menkaure
  5363 | D:6      | Killed Menkaure
  5623 | D:6      | Noticed Edmund
  5634 | D:6      | Killed Edmund
  5746 | D:6      | Reached XP level 9. HP: 79/79 MP: 8/8
  5891 | D:6      | Reached **** piety under Trog
  6135 | D:6      | Found a snail-covered altar of Cheibriados.
  6797 | D:7      | Reached skill level 10 in Axes
  7424 | D:8      | Noticed Joseph
  7436 | D:8      | Killed Joseph
  7608 | D:8      | Found the ring of Robustness {AC+8}
  7608 | D:8      | Found the +9 staff of Wucad Mu {channel}
  8102 | D:8      | Found a sparkling altar of Nemelex Xobeh.
  8270 | D:9      | Reached XP level 10. HP: 86/90 MP: 9/9
  8654 | D:9      | Reached ***** piety under Trog
  8874 | D:9      | Found a shadowy altar of Dithmenos.
  8993 | D:10     | Entered Level 10 of the Dungeon
  8994 | D:10     | Noticed a two-headed ogre
  9004 | D:10     | Killed a two-headed ogre
  9303 | D:10     | Killed an unseen horror
  9544 | D:10     | Found a portal to a secret trove of treasure.
  9778 | D:10     | Found a staircase to the Lair.
  9856 | D:10     | Noticed a two-headed ogre
  9864 | D:10     | Killed a two-headed ogre
 10199 | D:10     | Noticed Psyche
 10209 | D:10     | Killed Psyche
 10209 | D:10     | Reached XP level 11. HP: 94/98 MP: 10/10
 10438 | D:11     | Reached skill level 10 in Armour
 10445 | D:11     | Killed an unseen horror
 10449 | D:11     | Reached skill level 10 in Fighting
 10590 | D:11     | Found a staircase to the Orcish Mines.
 10626 | D:11     | Found a flagged portal.
 10637 | Bailey   | Entered a bailey
 11467 | D:11     | Noticed a two-headed ogre
 11480 | D:11     | Killed a two-headed ogre
 11817 | D:11     | Received a gift from Trog
 12035 | D:11     | Noticed a four-headed hydra
 12041 | D:11     | Killed a one-headed hydra
 12838 | D:12     | Noticed a five-headed hydra
 12870 | D:13     | Killed a one-headed hydra
 13123 | D:13     | Noticed an eight-headed hydra
 13128 | D:13     | Killed a four-headed hydra
 13299 | D:13     | Reached XP level 12. HP: 84/109 MP: 11/11
 13742 | D:13     | Noticed a boulder beetle
 13753 | D:13     | Killed a boulder beetle
 13974 | D:13     | Noticed a centaur warrior
 13981 | D:13     | Killed a centaur warrior
 14356 | D:12     | Reached skill level 15 in Axes
 14364 | D:12     | Noticed a boulder beetle
 14383 | D:12     | Killed a boulder beetle
 14592 | D:12     | Received a gift from Trog
 14638 | D:12     | Noticed Azrael
 14658 | D:12     | Killed Azrael
 15932 | D:12     | Found a sacrificial altar of Ru.
 16110 | Lair:1   | Entered Level 1 of the Lair of Beasts
 16722 | Lair:1   | Noticed a four-headed hydra
 16729 | Lair:1   | Killed a one-headed hydra
 17036 | Lair:2   | Reached XP level 13. HP: 49/118 MP: 12/12
 18516 | Lair:3   | Reached skill level 10 in Dodging
 18547 | Lair:3   | Found a staircase to the Snake Pit.
 19258 | Lair:3   | Noticed Rupert
 19264 | Lair:3   | Paralysed by Rupert for 6 turns
 19273 | Lair:3   | Killed Rupert
 19668 | Lair:3   | Found a staircase to the Swamp.
 19844 | Lair:4   | Noticed Nessos
 19869 | Lair:4   | Killed Nessos
 20645 | Lair:4   | Received a gift from Trog
 20646 | Lair:4   | Found the +8 frozen axe "Frostbite" {freezing cloud, *Noise
                  | +Fly rC+}
 20777 | Lair:4   | Reached XP level 14. HP: 127/133 MP: 13/13
 22392 | Lair:6   | Entered Level 6 of the Lair of Beasts
 23223 | Lair:6   | Reached skill level 15 in Fighting
 23522 | Lair:6   | Got an ancient silver ring
 23524 | Lair:6   | Identified the ring "Utoruos" {AC+4 Dex+3} (You found it on
                  | level 6 of the Lair of Beasts)
 23778 | Lair:6   | Received a gift from Trog
 24132 | Lair:6   | Reached skill level 15 in Armour
 24624 | Lair:6   | Reached XP level 15. HP: 141/141 MP: 14/14
 24900 | Lair:6   | Found a runed translucent door.
 24902 | Lair:6   | Found a viscous altar of Jiyva.
 24903 | Lair:6   | Found a staircase to the Slime Pits.
 25306 | Orc:1    | Entered Level 1 of the Orcish Mines
 25306 | Orc:1    | Found a frozen archway.
 25311 | IceCv    | Entered an ice cave
 25584 | IceCv    | Identified 2 scrolls of acquirement
 25584 | IceCv    | Acquired the amulet of the Barracuda {Fragile rElec MR-
                  | Regen+ Stlth+}
 25586 | IceCv    | Acquired the ring of the Distant Future {*Slow Str+7 Slay+2
                  | SInv Stlth+}
 25711 | Orc:1    | Reached ****** piety under Trog
 25711 | Orc:1    | Received a gift from Trog
 25717 | Orc:1    | Paralysed by an orc sorcerer for 7 turns
 25725 | Orc:1    | Noticed an orc warlord
 26088 | Orc:1    | Killed an orc warlord
 26142 | Orc:1    | Found a roughly hewn altar of Beogh.
 26146 | Orc:1    | Found Inogilu's Gadget Emporium.
 26354 | Orc:2    | Entered Level 2 of the Orcish Mines
 26375 | Orc:2    | Found a roughly hewn altar of Beogh.
 26375 | Orc:2    | Noticed an orc warlord
 26392 | Orc:2    | Paralysed by an orc sorcerer for 3 turns
 26642 | Orc:1    | Killed an orc warlord
 26822 | Orc:2    | Found Yxid's Jewellery Emporium.
 26902 | Orc:2    | Found Zisigozi's General Store.
 27025 | Orc:2    | Found a staircase to the Elven Halls.
 27109 | Orc:2    | Found Wefedeenno's Antique Weapon Emporium.
 27167 | Orc:2    | Bought a scroll of enchant armour for 135 gold pieces
 27167 | Orc:2    | Bought 3 scrolls of identify for 108 gold pieces
 27167 | Orc:2    | Bought a scroll of identify for 36 gold pieces
 27287 | Orc:2    | Found Fyobeon's Antique Armour Emporium.
 27346 | Orc:1    | Paralysed by an orc sorcerer for 2 turns
 27351 | Orc:1    | Received a gift from Trog
 27752 | Swamp:1  | Entered Level 1 of the Swamp
 27770 | Swamp:1  | Paralysed by a hornet for 2 turns
 28154 | Swamp:1  | Gained mutation: You are occasionally teleported next to
                  | monsters. [a neqoxec]
 28901 | Swamp:2  | Received a gift from Trog
 29472 | Swamp:3  | Paralysed by a hornet for 1 turns
 29578 | Swamp:3  | Noticed Roxanne
 29580 | Swamp:3  | Reached XP level 16. HP: 144/152 MP: 15/15
 29584 | Swamp:3  | Found a runed translucent door.
 29586 | Swamp:3  | Noticed DocEon's ghost (adept PaFi)
 29587 | Swamp:3  | Killed Roxanne
 29605 | Swamp:3  | Killed DocEon's ghost
 29611 | Swamp:3  | Got a masterwork scale mail
 29836 | Swamp:3  | Noticed Donald
 29849 | Swamp:3  | Killed Donald
 29852 | Swamp:3  | Noticed a thorn hunter
 29858 | Swamp:3  | Killed a thorn hunter
 30051 | Swamp:3  | Identified the +1 scale mail of Insecurity {Rampage MR+
                  | Int-4} (You found it on level 3 of the Swamp)
 30499 | Swamp:4  | Entered Level 4 of the Swamp
 30803 | Swamp:4  | Got a decaying rune of Zot
 31107 | Swamp:4  | Noticed a thorn hunter
 31114 | Swamp:4  | Received a gift from Trog
 31122 | Swamp:4  | Killed a thorn hunter
 31573 | Swamp:4  | Lost mutation: You are occasionally teleported next to
                  | monsters. [potion of mutation]
 31573 | Swamp:4  | Gained mutation: Your magical capacity is low. (-10% MP)
                  | [potion of mutation]
 31573 | Swamp:4  | Gained mutation: You occasionally shout uncontrollably at
                  | your foes. [potion of mutation]
 31573 | Swamp:4  | Gained mutation: You expend magic power (3 MP) to
                  | strengthen your wands. [potion of mutation]
 31574 | Swamp:4  | Lost mutation: You expend magic power (3 MP) to strengthen
                  | your wands. [potion of mutation]
 31574 | Swamp:4  | Lost mutation: Your magical capacity is low. (-10% MP)
                  | [potion of mutation]
 31574 | Swamp:4  | Lost mutation: You occasionally shout uncontrollably at
                  | your foes. [potion of mutation]
 31574 | Swamp:4  | Gained mutation: Armour fits poorly on your strangely
                  | shaped body. [potion of mutation]
 31574 | Swamp:4  | Gained mutation: You are agile. (Dex +2) [potion of
                  | mutation]
 31575 | Swamp:4  | Lost mutation: You are agile. (Dex +2) [potion of mutation]
 31575 | Swamp:4  | Lost mutation: Armour fits poorly on your strangely shaped
                  | body. [potion of mutation]
 31575 | Swamp:4  | Gained mutation: Scrolls take you a little longer to read.
                  | [potion of mutation]
 31575 | Swamp:4  | Gained mutation: You are partially covered in large bone
                  | plates. (SH +4) [potion of mutation]
 31698 | Snake:1  | Entered Level 1 of the Snake Pit
 31896 | Orc:2    | Acquired the ring of Salvation {rC- rCorr Int+2 Dex+4 SInv}
 32081 | Snake:1  | Received a gift from Trog
 32790 | Snake:2  | Reached skill level 1 in Shields
 32811 | Snake:2  | Reached XP level 17. HP: 157/161 MP: 16/16
 33709 | Snake:2  | Found a large runed translucent door.
 33709 | Snake:2  | Noticed Ousak's ghost (adept OpTm)
 33710 | Snake:2  | Found a large runed translucent door.
 33857 | Snake:2  | Killed Ousak's ghost
 33864 | Snake:2  | Got a twitching zirconium amulet
 33867 | Snake:2  | Identified the amulet "Povizinu" {Acrobat rElec rPois
                  | Dex+4} (You found it on level 2 of the Snake Pit)
 34153 | Snake:3  | Found Wiloxtum's Assorted Antiques.
 34164 | Snake:3  | Found Uculuen's General Store.
 34166 | Snake:3  | Bought a scroll of identify for 74 gold pieces
 34166 | Snake:3  | Bought 3 scrolls of teleportation for 333 gold pieces
 34166 | Snake:3  | Bought a potion of curing for 111 gold pieces
 34175 | Snake:3  | Bought a scroll of blinking for 112 gold pieces
 34183 | Snake:3  | Received a gift from Trog
 34249 | Snake:3  | Noticed Asterion
 34251 | Snake:3  | Gained mutation: You are frail. (-10% HP) [a cacodemon]
 34252 | Snake:3  | Gained mutation: You are very frail. (-20% HP) [a
                  | cacodemon]
 34256 | Snake:3  | Killed Asterion
 35484 | Snake:4  | Entered Level 4 of the Snake Pit
 35502 | Snake:4  | Reached skill level 5 in Shields
 35592 | Snake:4  | Found a runed translucent gate.
 35592 | Snake:4  | Found a runed translucent gate.
 35592 | Snake:4  | Found a runed translucent gate.
 35592 | Snake:4  | Noticed Feyto's ghost (adept HuWz)
 35906 | Snake:4  | Noticed Louise
 35916 | Snake:4  | Killed Louise
 36005 | Snake:4  | Received a gift from Trog
 37018 | Snake:4  | Reached XP level 18. HP: 104/138 MP: 17/17
 37047 | Snake:4  | Lost mutation: Scrolls take you a little longer to read.
                  | [potion of mutation]
 37047 | Snake:4  | Lost mutation: You are very frail. (-20% HP) [potion of
                  | mutation]
 37047 | Snake:4  | Lost mutation: You are frail. (-10% HP) [potion of
                  | mutation]
 37047 | Snake:4  | Lost mutation: You are partially covered in large bone
                  | plates. (SH +4) [potion of mutation]
 37047 | Snake:4  | Gained mutation: You are robust. (+10% HP) [potion of
                  | mutation]
 37047 | Snake:4  | Gained mutation: You are covered in fur. (AC +1) [potion of
                  | mutation]
 37047 | Snake:4  | Gained mutation: Your mind is acute. (Int +2) [potion of
                  | mutation]
 37377 | Snake:4  | Received a gift from Trog
 38273 | Snake:4  | Got a serpentine rune of Zot
 38768 | D:14     | Found Bysch's Antique Armour Boutique.
 38828 | D:14     | Found a gate leading to a gauntlet.
 38842 | Gauntlet | Entered a Gauntlet
 38842 | Gauntlet | Found a transporter.
 38851 | Gauntlet | Found a transporter.
 38854 | Gauntlet | Found a transporter.
 38855 | Gauntlet | Found a transporter.
 38866 | Gauntlet | Found a transporter.
 38866 | Gauntlet | Found a transporter.
 38867 | Gauntlet | Found a transporter.
 38876 | Gauntlet | Found a transporter.
 38878 | Gauntlet | Found a transporter.
 38879 | Gauntlet | Found a transporter.
 38887 | Gauntlet | Found a transporter.
 38890 | Gauntlet | Found a transporter.
 38891 | Gauntlet | Found a transporter.
 38899 | Gauntlet | Found a transporter.
 39004 | Gauntlet | Got a scintillating granite ring
 39006 | Gauntlet | Identified the ring "Tolab" {AC+4 Int+4} (You found it in a
                  | Gauntlet)
 39416 | D:14     | Found Siamiwn's General Store.
 39531 | D:14     | Found Atemno's Antique Weapon Shoppe.
 39542 | D:14     | Found Paeziush's Assorted Antiques.
 39651 | D:14     | Received a gift from Trog
 39693 | D:14     | Got an ancient hand axe {god gift}
 39694 | D:14     | Identified the +7 hand axe "Vuacowo" {vorpal, +Inv rF-
                  | Dex+10 SInv} (Trog gifted it to you on level 14 of the
                  | Dungeon)
 39828 | D:14     | Found Opnauned's Armour Boutique.
 39937 | D:14     | Found a gate to the Vaults.
 40020 | D:15     | Entered Level 15 of the Dungeon
 40148 | D:15     | Found a huge runed gate.
 40148 | D:15     | Found a huge runed gate.
 40148 | D:15     | Found a huge runed gate.
 40148 | D:15     | Found a huge runed gate.
 40148 | D:15     | Found a huge runed gate.
 40148 | D:15     | Found a huge runed gate.
 40148 | D:15     | Found a huge runed gate.
 40148 | D:15     | Found a huge runed gate.
 40148 | D:15     | Found a huge runed gate.
 40348 | D:15     | Found a huge runed gate.
 40348 | D:15     | Found a huge runed gate.
 40348 | D:15     | Found a huge runed gate.
 40348 | D:15     | Found a huge runed gate.
 40356 | D:15     | Found a huge runed gate.
 40359 | D:15     | Found a staircase to the Depths.
 40398 | D:15     | Got a crude golden ring
 40414 | D:15     | Identified the ring of Cadaonaf {*Tele Slay+3} (You found
                  | it on level 15 of the Dungeon)
 40616 | D:15     | Found Guwoucy's Antique Armour Boutique.
 41032 | D:15     | Found a huge runed gate.
 41032 | D:15     | Found a huge runed gate.
 41032 | D:15     | Found a huge runed gate.
 41032 | D:15     | Found a huge runed gate.
 41042 | D:15     | Found a huge runed gate.
 41042 | D:15     | Found a huge runed gate.
 41042 | D:15     | Found a huge runed gate.
 41042 | D:15     | Found a huge runed gate.
 41043 | D:15     | Found a huge runed gate.
 41044 | D:15     | Found a huge runed gate.
 41045 | D:15     | Found a huge runed gate.
 41046 | D:15     | Found a huge runed gate.
 41050 | D:15     | Found a huge runed gate.
 41101 | D:15     | Found a huge runed gate.
 41101 | D:15     | Found a huge runed gate.
 41101 | D:15     | Found a huge runed gate.
 41102 | D:15     | Found a huge runed gate.
 41103 | D:15     | Found a huge runed gate.
 41104 | D:15     | Found a huge runed gate.
 41111 | D:15     | Found a huge runed gate.
 41111 | D:15     | Found a huge runed gate.
 41111 | D:15     | Found a huge runed gate.
 41159 | D:15     | Received a gift from Trog
 41258 | D:15     | Identified the +4 short sword "Ereadak" {elec, rElec rF+
                  | Dex+3 Stlth+}
 41627 | Vaults:1 | Entered Level 1 of the Vaults
 41649 | Vaults:1 | Reached XP level 19. HP: 186/202 MP: 18/18
 41678 | Vaults:1 | Identified the +10 plate armour of Starshine {Dex+2}
 41914 | Vaults:1 | Acquired a manual of Dodging
 42071 | Vaults:1 | Paralysed by a great orb of eyes for 4 turns
 42561 | Vaults:1 | Received a gift from Trog
 44083 | Vaults:2 | Found Ecimau's Distillery.
 44091 | Vaults:2 | Bought a potion of heal wounds for 95 gold pieces
 44091 | Vaults:2 | Bought a potion of heal wounds for 95 gold pieces
 44588 | Vaults:3 | Reached skill level 15 in Dodging
 44950 | Vaults:3 | Reached XP level 20. HP: 165/214 MP: 19/19
 45032 | Vaults:3 | Received a gift from Trog
 45487 | Vaults:3 | Found Waeqiz's Book Shop.
 45824 | Vaults:3 | Found a staircase to the Crypt.
 46319 | Vaults:4 | Found Vojyihoy's Magic Scroll Emporium.
 46541 | Vaults:4 | Received a gift from Trog
 48428 | Vaults:5 | Entered Level 5 of the Vaults
 48437 | Vaults:5 | Received a gift from Trog
 48446 | Vaults:4 | Reached XP level 21. HP: 98/224 MP: 20/20
 49208 | Vaults:5 | Noticed a golden dragon
 49548 | Vaults:5 | Received a gift from Trog
 49564 | Vaults:5 | Killed a golden dragon
 49575 | Vaults:5 | Noticed a golden dragon
 49591 | Vaults:5 | Noticed a golden dragon
 49661 | Vaults:5 | Killed a golden dragon
 49670 | Vaults:5 | HP: 6/343 [something/shard of ice (23)]
 49727 | Vaults:5 | Killed a golden dragon
 49794 | Vaults:5 | Reached skill level 1 in Evocations
 50257 | Vaults:5 | Received a gift from Trog
 50287 | Vaults:5 | Reached XP level 22. HP: 229/238 MP: 21/21
 50539 | Vaults:5 | Found Aciesih's Magic Scroll Shoppe.
 50606 | Vaults:5 | Reached skill level 27 in Axes
 50880 | Vaults:5 | Noticed an ancient lich
 50899 | Vaults:5 | Killed an ancient lich
 51152 | Vaults:5 | Got a silver rune of Zot
 51188 | Vaults:5 | Found Gola's Antique Armour Shop.
 51189 | Vaults:5 | Found Iwkumuo Gimy's Antique Armour Shoppe.
 51197 | Vaults:5 | Bought a pair of distressingly furry boots for 237 gold
                  | pieces
 51207 | Vaults:5 | Identified the +1 pair of boots of Yzxoagaoz {*Slow rElec
                  | Int+2 SInv} (You bought it in a shop on level 5 of the
                  | Vaults)
 51379 | Vaults:5 | Found Tajischal's Distillery.
 51383 | Vaults:5 | Bought a potion of heal wounds for 55 gold pieces
 51383 | Vaults:5 | Bought a potion of heal wounds for 55 gold pieces
 51383 | Vaults:5 | Bought a potion of curing for 33 gold pieces
 51383 | Vaults:5 | Bought a potion of curing for 33 gold pieces
 51383 | Vaults:5 | Bought a potion of curing for 33 gold pieces
 51430 | Vaults:5 | Found Zuriyl's Distillery.
 51434 | Vaults:5 | Bought a potion of invisibility for 120 gold pieces
 51434 | Vaults:5 | Bought a potion of heal wounds for 75 gold pieces
 51434 | Vaults:5 | Bought a potion of heal wounds for 75 gold pieces
 51434 | Vaults:5 | Bought a potion of curing for 45 gold pieces
 51434 | Vaults:5 | Bought a potion of curing for 45 gold pieces
 51434 | Vaults:5 | Bought a potion of haste for 150 gold pieces
 51434 | Vaults:5 | Bought a potion of curing for 45 gold pieces
 51438 | Vaults:5 | Found Ogiqor's Assorted Antiques.
 51449 | Vaults:5 | Bought a scroll labeled LOKHLA ETAUZUM for 31 gold pieces
 51899 | Snake:3  | Bought a scroll of enchant armour for 112 gold pieces
 52267 | Crypt:1  | Entered Level 1 of the Crypt
 52337 | Crypt:1  | Received a gift from Trog
 52385 | Crypt:1  | Got a crystal executioner's axe {god gift}
 52612 | Crypt:1  | Found an ancient bone altar of Kikubaaqudgha.
 53022 | Crypt:1  | Noticed Saint Roka
 53024 | Crypt:1  | Identified the +7 executioner's axe of Pisyarro {antimagic,
                  | rElec rF- rC- MR+++} (Trog gifted it to you on level 1 of
                  | the Crypt)
 53040 | Crypt:1  | Killed Saint Roka
 53510 | Crypt:1  | Noticed Sojobo
 53523 | Crypt:1  | Killed Sojobo
 53584 | Crypt:1  | Found a huge runed translucent gate.
 53585 | Crypt:1  | Found a huge runed translucent gate.
 53585 | Crypt:1  | Found a huge runed translucent gate.
 53585 | Crypt:1  | Found a huge runed translucent gate.
 53585 | Crypt:1  | Found a huge runed translucent gate.
 53585 | Crypt:1  | Found a huge runed translucent gate.
 53586 | Crypt:1  | Found a huge runed translucent gate.
 53586 | Crypt:1  | Found a huge runed translucent gate.
 53586 | Crypt:1  | Found a huge runed translucent gate.
 54240 | Crypt:2  | Noticed Margery
 54250 | Crypt:2  | Killed Margery
 55007 | Crypt:2  | Reached XP level 23. HP: 255/255 MP: 22/22
 55129 | Crypt:3  | Entered Level 3 of the Crypt
 55143 | Crypt:3  | Received a gift from Trog
 55526 | Crypt:3  | Noticed a greater mummy
 55541 | Crypt:3  | Killed a greater mummy
 55935 | Crypt:3  | Found a staircase to the Tomb.
 56441 | Crypt:3  | Found a basalt altar of Yredelemnul.
 56446 | Crypt:3  | Received a gift from Trog
 57198 | Tomb:1   | Entered Level 1 of the Tomb of the Ancients
 57628 | Tomb:1   | Received a gift from Trog
 57804 | Tomb:1   | Noticed a greater mummy
 57834 | Tomb:1   | Killed a greater mummy
 58640 | Tomb:1   | Noticed a greater mummy
 58643 | Tomb:1   | Noticed a greater mummy
 58654 | Tomb:1   | Killed a greater mummy
 58655 | Tomb:1   | Killed a greater mummy
 59975 | Slime:1  | Entered Level 1 of the Pits of Slime
 60038 | Slime:1  | Received a gift from Trog
 60048 | Slime:1  | Gained mutation: Your spells are a little easier to cast,
                  | but a little less powerful. [a shining eye]
 60053 | Slime:1  | Reached XP level 24. HP: 227/271 MP: 19/22
 60054 | Slime:1  | Gained mutation: You do not regenerate when monsters are
                  | visible. [a shining eye]
 60058 | Slime:1  | Gained mutation: You are clumsy. (Dex -2) [a shining eye]
 60223 | Slime:1  | Gained mutation: Armour fits poorly on your strangely
                  | shaped body. [a shining eye]
 60651 | Slime:2  | Gained mutation: Scrolls take you a little longer to read.
                  | [a shining eye]
 60666 | Slime:2  | Gained mutation: Scrolls take you longer to read. [a
                  | shining eye]
 60850 | Slime:3  | Noticed Dissolution
 60857 | Slime:3  | Reached skill level 27 in Fighting
 60858 | Slime:3  | Paralysed by a floating eye for 3 turns
 60866 | Slime:3  | HP: 13/273 [acid (4)]
 60866 | Slime:3  | Paralysed by a floating eye for 4 turns
 60866 | Slime:3  | Mangled by a large slime creature

Illustrated notes

Levels and vault maps discovered:
D:1:      dpeg_arrival_shrine, layout_basic
D:2:      layout_basic, hangedman_decor_push, uniq_jessica
D:3:      layout_basic, grunt_gozag_statues, uniq_terence
D:4:      old_forge, layout_loops_ring
D:5:      layout_basic, minmay_temple_entry_butterflies, minmay_misc_feat_iff,
          kennysheep_crisscross, uniq_ijyb, uniq_eustachio, uniq_grinder
D:6:      layout_basic, kennysheep_slug_shrine, uniq_menkaure, uniq_edmund
D:7:      layout_gridville
D:8:      layout_loops_ring, lemuel_coloured_pillars_altar,
          nicolae_straight_to_the_point, uniq_joseph
D:9:      layout_rooms, grunt_dithmenos_shadows
D:10:     layout_basic, lair_entry_dummy, nicolae_trove_entry_crossroad,
          uniq_psyche
D:11:     layout_grid_maze, erik_orc_4, enter_bailey_2
D:12:     layout_long_grid, nicolae_ru_path_of_blood, uniq_azrael
D:13:     layout_basic
D:14:     layout_basic, hangedman_vaults_entry_quadrant_bands, serial_shops,
          shop, nicolae_shop_competitors_out_of_business, kennysheep_mini,
          kennysheep_little_box, shop, gauntlet_entry_generic,
          minmay_misc_feat_room
D:15:     gammafunk_depths_entry_grave, layout_grid_maze, serial_glass,
          glass_columns_b, glass_columns_c, serial_shops, shop,
          dk_noncrumbling_3, serial_park_tiny_1, door_vault
Lair:1:   layout_cave_pods, special_room [special_room_bee], beast_lair_carwin_9
Lair:2:   layout_chaotic_city, st_stairs_13, infiniplex_staircase_pool
Lair:3:   layout_big_grid, nicolae_swamp_entry_splash_gauntlet,
          minmay_snake_entry_guardpost_medium, lemuel_fruit_tree, uniq_rupert
Lair:4:   layout_cave_pods, grunt_megastairs_4, uniq_nessos
Lair:5:   layout_hall_layers
Lair:6:   hangedman_lair_caniforms_friends, layout_gridlike,
          hangedman_lair_tendril_chambers, slime_altar_2
Swamp:1:  layout_basic_swamp, evilmike_swamp_ruin_rubble_1, grunt_hermit_hut
Swamp:2:  layout_basic_swamp, hangedman_swamp_ruin_wall, swamp_pool1,
          nicolae_swamp_round_clearing
Swamp:3:  layout_falls_marsh, ebering_ghost_inner_flame,
          nicolae_swamp_rocky_clearing, swamp_pool5, uniq_donald, uniq_roxanne
Swamp:4:  swamp, layout_basic_swamp
Snake:1:  layout_layer_cave, grunt_ministairs_7, statue_in_the_mist_lemuel,
          st_stairs_6
Snake:2:  layout_gridlike, ebering_ghost_disaster_area, grunt_ministairs_6,
          nicolae_snake_round_shape_thing
Snake:3:  layout_chambers, minmay_shoptagon, uniq_asterion
Snake:4:  snake_pit, layout_chambers, gammafunk_ghost_split,
          serial_bayou_lagoon_a, grunt_ministairs_8, uniq_louise
Slime:1:  layout_caves, cheibrodos_slime_lost_civilization_4
Slime:2:  layout_caves
Slime:3:  layout_caves, uniq_dissolution
Orc:1:    layout_caves, serial_shops, shop, basic_altar,
          portal_ice_cave_entry_pillars_1
Orc:2:    grunt_orc_cross, layout_caves
Vaults:1: v_pattern_4, grunt_vaults_hallway_long, nicolae_vaults_little_ls,
          nicolae_vaults_ring_of_whatevers, layout_vaults_quadrants
Vaults:2: nicolae_vaults_sealed_display, v_misc_1, vaults_room_pool, v_misc_24,
          serial_ice_h, st_spiral_rooms, nicolae_vaults_mini_display_case,
          ontoclasm_vaults_pinch, nicolae_vaults_little_squares_3,
          nicolae_vaults_little_squares_4, layout_vaults_omnibox, serial_shops,
          nicolae_shop_crystal
Vaults:3: hangedman_vaults_trim, minmay_crypt_entry_simple_round,
          vaults_room_stairs_pillars, nicolae_vaults_little_squares_1,
          vaults_mumra_chevron, grunt_vaults_hallway_long,
          ontoclasm_vaults_shuriken, ontoclasm_vaults_chip,
          ontoclasm_vaults_loading_screen, dpeg_vaults_monster_box,
          vaults_room_stairs_pillars, layout_vaults_big_room, serial_shops, shop
Vaults:4: v_pattern_2, grunt_vaults_swirl, ontoclasm_vaults_claustrophobia,
          nicolae_vaults_hallways_thing, nicolae_vaults_branching_niches,
          nicolae_vaults_twisting_passages, v_misc_30, v_misc_24,
          vaults_dpeg_diagonal, vaults_mumra_lcd, vaults_room_hallway,
          vaults_room_fours, nicolae_vaults_specimen_jars,
          nicolae_vaults_yaktaur_gun_rack, layout_vaults_ring, serial_shops,
          nicolae_shop_temple_entry_statues_fountains
Vaults:5: serial_shops
Crypt:1:  cheibrodos_crypt_3hun_7po, layout_gridlike, basic_altar,
          uniq_saint_roka, uniq_sojobo
Crypt:2:  layout_misc_corridors, uniq_margery
Crypt:3:  evilmike_haunted_forest
Tomb:1

Skill      XL: |  1  2  3  4  5  6  7  8  9 10 11 12 13 14 15 16 17 18 19 20 21 22 23 24 |
---------------+-------------------------------------------------------------------------+-----
Fighting       | 4 5 6 7 8 9 11 12 14 15 16 17 18 19 20 21 22 24 26 27 | 27.0
Axes           | 4 5 6 7 9 11 13 14 15 16 18 20 21 22 23 24 26 27 | 27.0
Armour         | 3 4 5 7 8 9 11 12 14 15 16 17 18 19 20 21 | 21.7
Dodging        | 3 4 5 6 7 8 9 10 11 12 13 14 15 16 17 18 | 18.8
Stealth        | 1 2 3 4 |  4.0
Shields        | 1 6 8 |  8.9
Evocations     | 1 |  1.4

Action                   |  1- 3 |  4- 6 |  7- 9 | 10-12 | 13-15 | 16-18 | 19-21 | 22-24 || total
-------------------------+-------+-------+-------+-------+-------+-------+-------+-------++-------
Melee: Hand axe          |    49 |    98 |   360 |   399 |       |   232 |    93 |       ||  1231
       Headbutt          |     7 |    21 |    73 |   145 |   155 |   356 |   259 |   301 ||  1317
       War axe           |       |       |       |   212 |   214 |       |       |       ||   426
       Executioner's axe |       |       |       |       |   586 |   210 |   711 |   849 ||  2356
       Broad axe         |       |       |       |       |       |   715 |     2 |       ||   717
Invok: Berserk           |       |     3 |     9 |    15 |    11 |     9 |     4 |     4 ||    55
       Trog's Hand       |       |     1 |     2 |     2 |     4 |     3 |     7 |     2 ||    21
       Brothers in Arms  |       |       |     1 |     3 |     9 |     5 |     6 |     2 ||    26
 Abil: Evoke Flight      |       |       |       |     2 |       |       |       |       ||     2
Evoke: Wand              |       |       |     1 |       |       |       |     1 |     2 ||     4
       Box of beasts     |       |       |       |       |     1 |       |     4 |       ||     5
       Lightning rod     |       |       |       |       |       |       |     1 |       ||     1
       Tin of tremorston |       |       |       |       |       |       |     1 |       ||     1
  Use: Scroll            |       |     3 |     3 |     5 |    21 |    10 |    15 |     1 ||    58
       Potion            |       |     2 |     1 |       |     3 |     7 |     9 |     8 ||    30
 Stab: Held in net/web   |       |     1 |       |       |       |       |       |       ||     1
       Distracted        |       |       |       |     1 |     1 |       |     1 |     1 ||     4
       Invisible         |       |       |       |       |       |       |     9 |       ||     9
Armor: Animal skin       |     4 |     1 |       |       |       |       |       |       ||     5
       Scale mail        |       |    30 |   120 |   178 |     2 |       |       |       ||   330
       Plate armour      |       |       |       |       |   500 |   466 |   328 |       ||  1294
       Gold dragon scale |       |       |       |       |       |       |     9 |   411 ||   420
Dodge: Dodged            |    30 |    88 |   213 |   433 |   625 |   666 |   680 |   555 ||  3290
Block: Kite shield       |       |       |       |       |       |   553 |    40 |       ||   593
       Other             |       |       |       |       |       |    11 |       |       ||    11
       Reflection        |       |       |       |       |       |    91 |     5 |       ||    96

Table legend: (Time is in decaauts)
 A = Elapsed time spent in this place.
 B = Non-inter-level travel time spent in this place.
 C = Inter-level travel time spent in this place.
 D = Time resting spent in this place.
 E = Time spent auto-exploring this place.
 F = Levels seen in this place.
 G = Mean time per level.
                   A        B        C        D        E       F      G
               +--------+--------+--------+--------+--------+-----+--------+
         Total |  60775 |  56761 |   4014 |   7695 |  39774 |  46 | 1321.2 |
       Dungeon |  18857 |  17649 |   1208 |   1694 |  13594 |  15 | 1257.1 |
          Lair |   9782 |   8839 |    943 |    730 |   6864 |   6 | 1630.3 |
         Swamp |   4210 |   3970 |    240 |    395 |   2766 |   4 | 1052.5 |
     Snake Pit |   6660 |   6293 |    367 |   1171 |   4106 |   4 | 1665.0 |
    Slime Pits |    818 |    798 |     20 |    190 |    480 |   3 |  272.7 |
  Orcish Mines |   1692 |   1571 |    121 |    283 |    917 |   2 |  846.0 |
        Vaults |  10024 |   9378 |    646 |   2144 |   5646 |   5 | 2004.8 |
         Crypt |   4929 |   4517 |    412 |    308 |   3373 |   3 | 1643.0 |
          Tomb |   2304 |   2249 |     55 |    778 |   1124 |   1 | 2304.0 |
        Bailey |    606 |    606 |      0 |      0 |    370 |   1 |  606.0 |
      Ice Cave |    387 |    387 |      0 |      0 |    213 |   1 |  387.0 |
      Gauntlet |    500 |    500 |      0 |      0 |    318 |   1 |  500.0 |
               +--------+--------+--------+--------+--------+-----+--------+

Top non-repeatable levels by time:
Vaults:4: 3230 daAuts
  Lair:6: 2746 daAuts
 Snake:4: 2591 daAuts
    D:11: 2325 daAuts
  Tomb:1: 2304 daAuts
 Crypt:3: 2090 daAuts
 Snake:3: 2047 daAuts
Vaults:5: 1894 daAuts
    D:10: 1866 daAuts
  Lair:3: 1851 daAuts
Vaults:1: 1842 daAuts
 Crypt:1: 1814 daAuts
    D:12: 1683 daAuts
    D:13: 1577 daAuts
Vaults:3: 1554 daAuts
